 Dungeon Crawl Stone Soup version 0.28.0-53-g5a82cb258f (webtiles) character file.

Game seed: 6852630524653501898

54 bnorton916 the Firebug (level 3, -6/19 HPs)
             Began as a Deep Elf Fire Elementalist on July 5, 2022.
             Mangled by Natasha (8 damage)
             ... on level 2 of the Dungeon.
             The game lasted 00:01:26 (2476 turns).

bnorton916 the Firebug (Deep Elf Fire Elementalist) Turns: 2476, Time: 00:01:26

Health: -6/19      AC:  2    Str:  5    XL:     3   Next: 66%
Magic:  7/10       EV: 12    Int: 21    God:
Gold:   32         SH:  0    Dex: 15    Spells: 9/10 levels left

rFire   . . .      SeeInvis .   e - +2 dagger (freeze)
rCold   . . .      Faith    .   (no shield)
rNeg    . . .      Spirit   .   a - +0 robe
rPois   .          Reflect  .   (no helmet)
rElec   .          Harm     .   (no cloak)
rCorr   .          Rampage  .   (no gloves)
Will    .....                   (no boots)
Stlth   ++........              (no amulet)
HPRegen 0.06/turn               (no ring)
MPRegen 0.12/turn               (no ring)

@: mighty, slowed, very slow
A: no striking features
a: no special abilities


You were on level 2 of the Dungeon.
You visited 1 branch of the dungeon, and saw 2 of its levels.

You collected 32 gold pieces.

Inventory:

Hand Weapons
 e - a +2 dagger of freezing (weapon)
Missiles
 b - 41 stones
Armour
 a - a +0 robe (worn)
Jewellery
 i - a ring of magical power
 j - a +6 ring of intelligence
Scrolls
 d - 3 scrolls of teleportation {unknown}
 g - a scroll of amnesia {unknown}
 h - a scroll of identify {unknown}
 m - 2 scrolls of torment {unknown}
 o - 3 scrolls of fear {unknown}
Potions
 f - a potion of magic {unknown}
 k - a potion of curing {unknown}
 l - a potion of heal wounds {unknown}
 n - a potion of brilliance {unknown}


   Skills:
 - Level 2.4 Dodging
 - Level 2.4 Stealth
 + Level 4.0 Spellcasting
 + Level 2.4 Conjurations
 + Level 4.0 Fire Magic


You had 9 spell levels left.
You knew the following spells:

 Your Spells              Type           Power      Damage    Failure   Level
a - Foxfire               Conj/Fire      68%        2x1d7     3%          1

Your spell library contained the following spells:

 Spells                   Type           Power      Damage    Failure   Level
 Scorch                   Fire           42%        2d7       3%          2
 Conjure Flame            Conj/Fire      17%        6-21      10%         3
 Inner Flame              Hex/Fire       12%        N/A       16%         3
 Blink                    Tloc           8%         N/A       19%         2
 Flame Wave               Conj/Fire      17%        2d6       32%         4
 Lesser Beckoning         Tloc           4%         N/A       34%         3
 Manifold Assault         Tloc           4%         N/A       97%         5


Dungeon Overview and Level Annotations

Branches:
Dungeon (2/15)

Altars:

Annotations:
D:2 Natasha


Message History

Natasha mumbles some strange words.
You feel troubled.
The foxfire hits the adder.
The adder is heavily wounded.
The foxfire hits the adder.
The adder is almost dead.
The adder bites you but does no damage.
Natasha growls.
Casting: Foxfire (safe; 3% risk of failure)
Confirm with . or Enter, or press ? or * to list all spells.
You conjure some foxfire!
The adder bites you.
The foxfire hits the adder.
You kill the adder!
The foxfire hits Natasha.
Natasha is heavily wounded.
Natasha stares at you and mumbles some strange words.
You feel yourself slow down.
Your Spellcasting skill increases to level 4!
Your Fire Magic skill increases to level 4!
Casting: Foxfire (safe; 3% risk of failure)
Confirm with . or Enter, or press ? or * to list all spells.
You don't know that spell.
You miss Natasha.
Natasha is heavily wounded.
Natasha closely misses you.
Natasha stares at you and mumbles some strange words.
You feel as though you will be slow longer.
Unknown command.
You hit Natasha but do no damage.
Natasha is moderately wounded.
Natasha claws you.
* * * LOW HITPOINT WARNING * * *
The kobold hits you but does no damage.
Unknown command.
You aren't carrying any items that you can evoke.
Unknown command.
It was a potion of might.
You feel very mighty all of a sudden. The kobold misses you. Natasha claws you!
You die...

..... .# ......# .....# ..
.### ###### ####### #.#...#
#...... ......# #..##.#####
##.......
#####.####.##.....####........
#..........##............[
########....@h###.[.......
###.##K........(...
#.#####.#........ ####### #.#
#.......... ......# #.#
###........ ......# #.#
#........ ......# #.#
#........ ......# ### #.#
#........ ......###.#
#........


You could see Natasha and a kobold.

Vanquished Creatures
  An adder (D:2)
  2 dart slugs
  5 endoplasms
  3 giant cockroaches
  2 hobgoblins (D:1)
  3 jackals (D:1)
  2 kobolds
  2 quokkas (D:1)
  2 ball pythons (D:1)
  3 bats
  4 frilled lizards
  5 goblins (D:1)
  4 rats
38 creatures vanquished.

Vanquished Creatures (others)
  195 foxfires
195 creatures vanquished.

Grand Total: 233 creatures vanquished

Notes
Turn   | Place    | Note
-------+----------+-------------------------------------------
     0 | D:1      | bnorton916 the Deep Elf Fire Elementalist began the quest
                  | for the Orb.
     0 | D:1      | Reached XP level 1. HP: 10/10 MP: 6/6
   116 | D:1      | Found a faded altar of an unknown god.
   469 | D:1      | Reached XP level 2. HP: 15/15 MP: 1/8
  1361 | D:1      | Reached XP level 3. HP: 19/19 MP: 7/10
  2458 | D:2      | Noticed Natasha
  2476 | D:2      | Mangled by Natasha

Illustrated notes

Levels and vault maps discovered:
D:1:      dpeg_arrival_round_b, layout_basic,
          hellmonk_ecumenical_altar_crossroads, columned_hall_lemuel,
          minmay_pentomino_x4
D:2:      layout_rooms, uniq_natasha

Skill      XL: |  1  2  3 |
---------------+----------+-----
Conjurations   | 2 |  2.4
Spellcasting   | 4 |  4.0
Fire Magic     | 4 |  4.0
Dodging        | |  2.4
Stealth        | |  2.4

Action                   || total
-------------------------++-------
Melee: Dagger            ||     7
 Cast: Foxfire           ||   125
  Use: Potion            ||     1
Armor: Robe              ||     5
Dodge: Dodged            ||    13
